 Dungeon Crawl Stone Soup version 0.26.1-11-gd32895ea62 (webtiles) character file.

Game seed: 15612898242324038060

53 Zeld the Vandal (level 4, 4/29 HPs)
             Began as a Halfling Hunter on June 16, 2021.
             Quit the game on level 2 of the Dungeon.
             The game lasted 00:04:59 (1610 turns).

Zeld the Vandal (Halfling Hunter)                   Turns: 1610, Time: 00:05:00

Health: 4/29       AC: 11    Str: 14    XL:     4   Next: 11%
Magic:  4/4        EV:  6    Int:  9    God:
Gold:   27         SH:  0    Dex: 14    Spells: 3/3 levels left

rFire    . . .     SeeInvis .   c - -1 dagger (curse)
rCold    . . .     Faith    .   (shield restricted)
rNeg     . . .     Spirit   .   k - +0 plate armour
rPois    .         Reflect  .   (no helmet)
rElec    .         Harm     .   m - +0 cloak
rCorr    .         Rampage  .   (no gloves)
Will     .....                  (no boots)
Stlth    ..........             (no amulet)
HPRegen  0.09/turn              (no ring)
MPRegen  0.09/turn              (no ring)

@: lethally poisoned (4 -> -27)
A: small, mutation resistance 1
a: no special abilities


You were on level 2 of the Dungeon.
You visited 1 branch of the dungeon, and saw 2 of its levels.

You collected 27 gold pieces.

Inventory:

Hand Weapons
 a - a +1 hunting sling
 b - a +0 dagger
 c - a cursed -1 dagger (weapon)
Missiles
 d - 19 sling bullets
 e - 108 stones (quivered)
Armour
 k - a +0 plate armour (worn)
 m - a +0 cloak (worn)
Jewellery
 g - a +4 ring of protection {unknown}
Scrolls
 h - 2 scrolls of magic mapping {unknown}
 j - a scroll of remove curse {unknown}
 l - 2 scrolls of identify {unknown}
Potions
 f - 2 potions of curing {unknown}
 i - 2 potions of cancellation {unknown}


   Skills:
 + Level 2.1 Fighting
 * Level 1.9 Short Blades
 * Level 6.4 Slings
 + Level 2.5 Dodging
 + Level 2.0 Stealth


You had 3 spell levels left.
You didn't know any spells.
Your spell library was empty.

Dungeon Overview and Level Annotations

Branches:
Dungeon (2/15)

Altars:


Innate Abilities, Weirdness & Mutations

You are small and have problems with some larger weapons.
You are somewhat resistant to further mutation.


Message History

You hit the kobold but do no damage.
The kobold is severely wounded.
You feel sick. The kobold closely misses you.
Unknown command.
You feel sick.
You hit the kobold but do no damage.
The kobold is severely wounded.
* * * LOW HITPOINT WARNING * * *
You feel sick. The kobold barely misses you.
Unknown command.
You hit the kobold but do no damage.
The kobold is severely wounded.
* * * LOW HITPOINT WARNING * * *
You feel sick. The kobold barely misses you.
You hit the kobold but do no damage.
The kobold is severely wounded.
* * * LOW HITPOINT WARNING * * *
You feel sick. The kobold hits you but does no damage.
You are more poisoned.
Are you sure you want to abandon this character and quit the game? (Confirm with "yes".)

.##.#####.########.........
###...# ###......<......# #
#...# #.>..#..####..#### #
#.†.# #.........)......# #
##.## #....#..####..##.# #
#.# ##.#.##..####..##.##
##.## #..........).........
#...#####.##...K#########....
#.....)....#..@.### ###
#...#####...<.....########
###...#####.........##.....#
..........#.........##.....#
...........................#
..........##...###..##.....#
###...######........##.....#
#...######.....).#########
#..........#.############


You could see a kobold.

Vanquished Creatures
  An adder (D:2)
  An ooze (D:1)
  3 dart slugs
  4 bats
  2 giant cockroaches (D:2)
  6 goblins
  2 hobgoblins (D:1)
  2 jackals (D:2)
  2 frilled lizards (D:1)
  8 kobolds
  3 rats
34 creatures vanquished.

Vanquished Creatures (others)
  A bat (D:2)
1 creature vanquished.

Grand Total: 35 creatures vanquished

Notes
Turn   | Place    | Note
-------+----------+-------------------------------------------
     0 | D:1      | Zeld the Halfling Hunter began the quest for the Orb.
     0 | D:1      | Reached XP level 1. HP: 14/14 MP: 1/1
   157 | D:1      | Reached skill level 6 in Slings
   157 | D:1      | Reached XP level 2. HP: 19/19 MP: 2/2
   158 | D:1      | Reached skill level 1 in Short Blades
   401 | D:1      | Reached XP level 3. HP: 24/24 MP: 3/3
  1106 | D:2      | Reached XP level 4. HP: 16/29 MP: 4/4
  1610 | D:2      | Quit the game

Illustrated notes

Levels and vault maps discovered:
D:1:      mrwooster_arrival_statue_2, layout_basic
D:2:      layout_loops_cross

Skill      XL: |  1  2  3 |
---------------+----------+-----
Slings         | 6 |  6.4
Short Blades   | 1 |  1.9
Fighting       | 2 |  2.1
Stealth        | 2 |  2.0
Dodging        | |  2.5

Action                   |  1- 3 |  4- 6 || total
-------------------------+-------+-------++-------
Melee: Short sword       |     2 |       ||     2
       Dagger            |   117 |    30 ||   147
 Fire: Hunting sling     |    25 |       ||    25
Armor: Plate armour      |    71 |    29 ||   100
Dodge: Dodged            |    44 |    10 ||    54
